 Dungeon Crawl Stone Soup version 0.27.1-33-g824d729ab1 (webtiles) character file.

Game seed: 2866055027693916153

96 halfoni the Skirmisher (level 4, -7/37 HPs)
             Began as a Human Berserker on Dec 18, 2021.
             Was a Believer of Trog.
             Killed by an exploding gnoll (23 damage)
             ... ignited by their inner flame
             ... on level 3 of the Dungeon.
             The game lasted 00:04:32 (3313 turns).

halfoni the Skirmisher (Human Berserker)            Turns: 3313, Time: 00:04:33

Health: -7/37      AC: 12    Str: 18    XL:     4   Next: 98%
Magic:  4/4        EV:  5    Int:  7    God:    Trog [**....]
Gold:   81         SH:  3    Dex: 13    Spells: 3/3 levels left

rFire    . . .     SeeInvis .   g - +0 long sword
rCold    . . .     Faith    .   j - +0 buckler
rNeg     . . .     Spirit   .   k - +0 plate armour
rPois    .         Reflect  .   (no helmet)
rElec    .         Harm     .   (no cloak)
rCorr    .         Rampage  .   (no gloves)
Will     .....                  m - +0 pair of boots
Stlth    ..........             (no amulet)
HPRegen  0.12/turn              (no ring)
MPRegen  0.09/turn              (no ring)

@: on berserk cooldown, slowed, very slow
A: no striking features
a: Renounce Religion, Berserk, Trog's Hand


You were on level 3 of the Dungeon.
You worshipped Trog.
Trog was pleased with you.
You visited 1 branch of the dungeon, and saw 3 of its levels.

You collected 81 gold pieces.

Inventory:

Hand Weapons
 a - a +0 hand axe
 g - a +0 long sword (weapon)
Armour
 j - a +0 buckler (worn)
 k - a +0 plate armour (worn)
 m - a +0 pair of boots (worn)
Scrolls
 d - 2 scrolls of teleportation {unknown}
 e - 3 scrolls of enchant armour {unknown}
 h - a scroll of noise {unknown}
 i - 2 scrolls of torment {unknown}
 l - a scroll of identify {unknown}
Potions
 b - a potion of attraction {unknown}
 f - a potion of cancellation {unknown}


   Skills:
 + Level 3.6 Fighting
 * Level 1.8 Long Blades
 - Level 3.5 Axes
 * Level 2.5 Armour
 + Level 2.3 Dodging
 * Level 0.6 Shields


You had 3 spell levels left.
You didn't know any spells.
Your spell library was empty.

Dungeon Overview and Level Annotations

Branches:
Dungeon (3/15)

Altars:
Okawaru


Message History

The gnoll hits you with a +0 club.
The gnoll shaman hits you with a +0 club!
You slash the gnoll shaman!
The gnoll shaman is almost dead.
The gnoll hits you with a +0 club.
The gnoll shaman prays to its god.
The gnoll shaman is healed somewhat.
The gnoll hits you with a +0 club.
Your plate armour prevents you from hitting the gnoll shaman.
The gnoll shaman is severely wounded.
You block the gnoll's attack.
The gnoll shaman hits you with a +0 club.
You hit the gnoll shaman.
The gnoll shaman is severely wounded.
You are no longer berserk.
You are exhausted.
You feel yourself slow down. The gnoll hits you but does no damage.
The gnoll shaman hits you but does no damage.
You barely miss the gnoll shaman.
The gnoll shaman is severely wounded.
The gnoll hits you but does no damage. You block the gnoll's attack.
The gnoll shaman hits you with a +0 club.
The gnoll barely misses you.
The gnoll shaman calls upon its god to heal the gnoll.
The gnoll is healed somewhat.
As you read the scroll labelled SASMAI YZOU, it crumbles to dust.
The creatures around you are filled with an inner flame!
It was a scroll of immolation.
The gnoll barely misses you. The gnoll hits you with a +0 club.
The gnoll shaman hits you but does no damage.
The gnoll hits you with a +0 club.
You hit the gnoll.
Flame seeps out of the gnoll.
The gnoll is heavily wounded.
The gnoll is engulfed in blazing flames.
Trog accepts your kill.
The gnoll explodes!
The fiery explosion engulfs the gnoll!!!
Trog accepts your kill. The fiery explosion engulfs you!!
Ouch! That really hurt!
You die...

##########
....g§○@.#
##########g##
#.... ##.#
#.... ###..#
#....##...##
###...†...###
.....##..##
..##
#..########
[.#
#..##.....##


You could see a gnoll shaman (inner flame) and a gnoll (inner flame).

Vanquished Creatures
  4 gnolls (D:3)
  3 adders
  3 dart slugs
  3 ball pythons
  5 bats
  6 goblins
  2 hobgoblins (D:2)
  5 jackals (D:1)
  3 quokkas (D:1)
  A frilled lizard (D:3)
  6 kobolds
  5 rats
46 creatures vanquished.

Notes
Turn   | Place    | Note
-------+----------+-------------------------------------------
     0 | D:1      | halfoni the Human Berserker began the quest for the Orb.
     0 | D:1      | Reached XP level 1. HP: 18/18 MP: 1/1
   173 | D:1      | You fall into a shaft and drop 1 floor!
   186 | D:2      | Reached XP level 2. HP: 24/24 MP: 2/2
   388 | D:2      | Reached XP level 3. HP: 17/29 MP: 3/3
  1623 | D:1      | Reached ** piety under Trog
  1981 | D:2      | Reached XP level 4. HP: 14/36 MP: 4/4
  2535 | D:2      | Found an iron altar of Okawaru.
  3105 | D:3      | Reached skill level 1 in Long Blades
  3266 | D:3      | Found a faded altar of an unknown god.
  3313 | D:3      | Killed by an exploding gnoll... ignited by their inner
                  | flame

Illustrated notes

Levels and vault maps discovered:
D:1:      scummos_arrival_forest, layout_basic
D:2:      layout_basic, basic_altar
D:3:      layout_rooms, basic_ecumenical_altar, serial_shops,
          nicolae_shop_waterfront, minivault_14

Skill      XL: |  1  2  3  4 |
---------------+-------------+-----
Long Blades    | 1 |  1.8
Fighting       | |  3.6
Axes           | |  3.5
Armour         | |  2.5
Dodging        | |  2.3
Shields        | |  0.6

Action                   |  1- 3 |  4- 6 || total
-------------------------+-------+-------++-------
Melee: Hand axe          |    54 |       ||    54
       Long sword        |    37 |    42 ||    79
Invok: Berserk           |     3 |     1 ||     4
  Use: Scroll            |       |     1 ||     1
Armor: Animal skin       |    26 |       ||    26
       Plate armour      |       |    30 ||    30
Dodge: Dodged            |    71 |    13 ||    84
Block: Buckler           |     9 |     7 ||    16
       Rpst.: Long sword |    12 |     3 ||    15
